Map: Eastwatch LE

Players

CaptainCook - Winner!

  • Race: Zerg Zerg
  • League: Platinum
  • Spawn Location: 1:00

axu

  • Race: Protoss Protoss
  • League: Platinum
  • Spawn Location: 7:00

VOD

Have the link to the VOD?

Description

Time

  • Played on: March 23, 2018, 1:35 p.m.
  • Length: 11:43
Show
View Real Time Build Order
Export as new Build Order

CaptainCook Zerg - Winner!

Build Orders: Hatch First 

Get SALT Encoding   

  12  0:01  Drone  
  13  0:13  Overlord  
  13  0:18  Drone  
  14  0:31  Drone x2  
  14  0:34  Drone  
  17  0:54  Hatchery  
  16  0:57  Drone  
  16  1:01  Extractor  
  16  1:03  Drone  
  17  1:18  Spawning Pool  
  16  1:23  Drone  
  17  1:38  Drone x2  
  19  1:44  Overlord  
  19  1:55  Drone  
  20  2:04  Metabolic Boost  
  20  2:11  Queen x2  
  20  2:14  Zergling x2  
  25  2:18  Zergling x2  
  25  2:21  Drone  
  27  2:23  Drone  
  27  2:27  Zergling x2  
  29  2:32  Drone  
  29  2:36  Drone  
  31  2:46  Drone x2  
  33  2:54  Zergling x2  
  33  2:55  Zergling x2  
  35  3:00  Overlord  
  35  3:07  Hatchery  
  35  3:10  Drone x2  
  35  3:19  Zergling x2  
  36  3:25  Drone x7  
  42  3:43  Overlord  
  42  3:55  Drone  
  43  3:57  Overlord  
  43  4:01  Queen  
  45  4:03  Overlord  
  45  4:06  Drone x6  
  51  4:15  Spore Crawler  
  52  4:17  Lair  
  52  4:22  Drone x2  
  52  4:23  Drone x2  
  54  4:25  Overlord  
  54  4:30  Extractor  
  53  4:33  Baneling Nest  
  53  4:34  Queen  
  53  4:36  Drone x3  
  53  4:37  Queen  
  59  4:48  Extractor  
  59  4:52  Evolution Chamber x2, Zergling x16  
  64  5:06  Drone x4  
  68  5:12  Drone x5  
  73  5:19  Overlord x2  
  72  5:23  Zergling x6  
  69  5:29  Zerg Melee Weapons Level 1  
  69  5:31  Overlord  
  69  5:39  Zerg Ground Armor Level 1  
  69  5:45  Drone x3  
  69  5:46  Hatchery, Drone x4  
  69  5:47  Extractor  
  69  5:48  Overlord  
  74  5:51  Overseer  
  74  5:58  Spore Crawler  
  74  5:59  Spore Crawler  
  74  6:00  Zergling x10  
  77  6:15  Drone x8  
  85  6:24  Hydralisk Den  
  84  6:31  Baneling  
  84  6:32  Baneling x12  
  84  6:45  Zergling x14  
  84  6:46  Zergling x16  
  90  7:09  Zergling x2  
  90  7:10  Zergling x28  
  97  7:18  Hydralisk x3  
  97  7:30  Zerg Missile Weapons Level 1  
  82  7:45  Hydralisk x3  
  82  7:46  Hydralisk x3, Zergling x12  
  98  7:51  Drone  
  98  7:52  Drone x2  
  98  7:57  Drone  
  98  7:58  Drone  
  103  8:04  Centrifical Hooks  
  103  8:06  Muscular Augments  
  103  8:11  Drone  
  103  8:12  Drone x5  
  109  8:19  Baneling x8  
  109  8:21  Overlord  
  109  8:25  Drone x2  
  109  8:26  Drone x2, Extractor x2  
  111  8:29  Overlord x5  
  111  8:31  Overseer  
  81  8:48  Hydralisk x5  
  81  8:57  Hydralisk x2, Zergling x2  
  81  8:58  Zergling x12  
  81  8:59  Zergling x2  
  83  9:10  Drone  
  83  9:11  Drone x7  
  91  9:18  Grooved Spines  
  91  9:20  Spore Crawler, Drone x2  
  91  9:23  Hydralisk x2, Zergling x4  
  98  9:24  Zergling x2  
  98  9:28  Baneling x6  
  99  9:37  Queen x2  
  103  9:44  Hydralisk x2, Zergling x2  
  103  9:45  Zergling x4  
  110  9:55  Queen  
  110  9:58  Drone x5  
  117  10:09  Hydralisk x3, Zergling x2  
  117  10:10  Zergling x10  
  117  10:11  Zergling x2  
  129  10:15  Baneling  
  129  10:16  Baneling x9  
  129  10:23  Hydralisk  
  129  10:24  Hydralisk, Zergling x8  
  129  10:25  Zergling x2  
  138  10:35  Hydralisk x3  
  138  10:36  Zergling x10  
  138  10:37  Zergling x2  
  150  10:50  Hydralisk  
  150  10:51  Hydralisk x2, Zergling x8  
  150  10:52  Zergling x4  
  150  10:56  Zergling x2  
  145  11:05  Hydralisk x2, Zergling x4  
  145  11:06  Zergling x2  
  148  11:14  Hydralisk x2, Zergling x4  
  152  11:21  Overlord  
  152  11:22  Overlord x4  
  152  11:26  Zergling x2  
Show
View Real Time Build Order
Export as new Build Order

axu Protoss 

Build Orders: 1 Gate Expand 

Get SALT Encoding   

  12  0:01  Probe  
  13  0:13  Probe  
  14  0:20  Pylon  
  14  0:25  Probe  
  15  0:38  Probe  
  15  0:42  Gateway  
  16  0:50  Probe (Chrono Boost)  
  16  0:52  Assimilator  
  17  1:02  Probe (Chrono Boost)  
  18  1:07  Probe (Chrono Boost)  
  19  1:16  Probe  
  20  1:39  Nexus  
  20  1:43  Cybernetics Core  
  20  1:45  Probe (Chrono Boost)  
  21  1:50  Assimilator  
  21  2:01  Probe (Chrono Boost)  
  22  2:09  Pylon  
  22  2:13  Probe  
  23  2:28  Probe  
  24  2:31  Warp Gate (Chrono Boost)  
  24  2:32  Twilight Council  
  23  2:40  Adept  
  25  2:48  Probe  
  26  2:54  Probe  
  26  2:58  Gateway  
  27  2:59  Gateway  
  27  3:03  Probe  
  28  3:06  Probe  
  29  3:15  Probe  
  30  3:23  Gateway  
  30  3:36  Shield Battery  
  30  3:41  Resonating Glaives (Chrono Boost), Probe x2  
  32  3:53  Probe x2  
  32  4:00  Robotics Facility  
  32  4:01  Adept  
  34  4:05  Probe x2  
  36  4:10  Adept x2  
  40  4:17  Probe, Pylon  
  40  4:18  Probe  
  40  4:23  Adept  
  44  4:29  Probe  
  44  4:30  Probe  
  46  4:35  Assimilator  
  46  4:38  Assimilator  
  46  4:48  Pylon  
  46  4:51  Pylon, Warp Prism  
  48  4:53  Pylon  
  48  5:00  Shield Battery  
  48  5:27  Adept x4  
  48  5:47  Gateway x2  
  48  5:51  Gateway  
  48  5:56  Gateway, Probe x2  
  50  6:08  Probe x2  
  52  6:12  Adept x4  
  60  6:20  Probe  
  61  6:31  Pylon  
  61  6:35  Pylon  
  61  6:38  Pylon  
  61  6:50  Adept x5  
  61  6:51  Adept x2  
  75  7:14  Adept x3  
  75  7:15  Adept x4  
  67  7:43  Sentry x4  
  65  7:48  Templar Archives  
  59  7:54  Adept x4  
  67  8:03  Shield Battery  
  67  8:05  Shield Battery  
  67  8:12  Immortal  
  71  8:21  Probe x2  
  71  8:25  High Templar x4  
  71  8:26  High Templar x3  
  87  8:30  Archon x2  
  87  8:31  Archon  
  87  8:33  Probe  
  88  8:38  High Templar  
  80  8:51  Immortal  
  79  9:00  High Templar  
  81  9:07  Nexus  
  81  9:14  Adept x2  
  81  9:15  Adept x3  
  91  9:17  Adept  
  91  9:21  Archon  
  93  9:28  Pylon  
  93  9:31  Immortal, Probe  
  97  9:32  Pylon, Probe  
  97  9:34  Pylon  
  99  9:39  Psionic Storm  
  99  9:53  Forge  
  99  9:55  Forge  
  99  10:23  Probe x3  
  99  10:27  Shield Battery  
  99  10:28  Shield Battery  
  102  10:30  Assimilator  
  102  10:31  Shield Battery  
  102  10:32  Assimilator, Observer  
  102  10:33  Shield Battery  
  102  10:35  Probe  
  104  10:49  Probe x3  
  71  11:01  Probe x3  
  71  11:02  Adept x2  
  71  11:03  Adept x3  
  71  11:04  Adept x3  
  48  11:24  Zealot x5  
  48  11:25  Zealot x3  
Tags
 
Add a new tag
Caveats
  • Supply blocks, unpowered buildings, or Contaminate may cause inaccurate times.
  • Supply counts are checked every 10 seconds.